 Dungeon Crawl Stone Soup version 0.20-a0-971-g5896763 (webtiles) character file.

315 HankScorpio the Chiller (level 6, -2/62 HPs)
             Began as an Ogre Ice Elementalist on Apr 9, 2017.
             Slain by an ice beast (5 damage)
             ... on level 5 of the Dungeon.
             The game lasted 00:06:32 (3473 turns).

HankScorpio the Chiller (Ogre Ice Elementalist)     Turns: 3473, Time: 00:06:32

Health: -2/62      AC:  8    Str: 13      XL:     6   Next: 44%
Magic:  7/11       EV:  9    Int: 18      God:
Gold:   238        SH:  0    Dex:  6 (9)  Spells: 6/12 levels left

rFire    . . .     SeeInvis .   o - staff of poison (curse)
rCold    . . .     Gourm    .   (no shield)
rNeg     . . .     Faith    .   a - +0 robe
rPois    +         Spirit   .   (helmet restricted)
rElec    .         Reflect  .   (no cloak)
rCorr    .         Harm     .   (gloves unavailable)
MR       .....                  (boots unavailable)
Stlth    +.........             h - amulet of regeneration
Regen    0.6/turn               (no ring)
MPRegen  0.2/turn               (no ring)

@: icy armour, slow
A: unfitting armour, tough skin 1
a: no special abilities


You were on level 5 of the Dungeon.
You were not hungry.

You visited 1 branch of the dungeon, and saw 5 of its levels.

You collected 238 gold pieces.

Inventory:

Hand Weapons
 w - a +0 hunting sling
Missiles
 q - 75 sling bullets
Armour
 a - a +0 robe (worn)
 p - +0 storm dragon scales
Magical Staves
 o - a cursed staff of poison (weapon)
Jewellery
 h - an amulet of regeneration (around neck)
Scrolls
 d - 2 scrolls of remove curse {unknown}
 i - a scroll of recharging {unknown}
 k - a scroll of teleportation {unknown}
 t - 2 scrolls of blinking {unknown}
 u - a scroll of fear {unknown}
 x - a scroll of immolation {unknown}
 y - 2 scrolls of identify {unknown}
 A - a scroll of fog {unknown}
Potions
 e - a potion of degeneration {unknown}
 g - 3 potions of flight {unknown}
 m - 2 potions of heal wounds {unknown}
 n - a potion of agility {unknown}
 r - a potion of resistance {unknown}
 s - 2 potions of mutation {unknown}
 v - a potion of lignification {unknown}
 z - 2 potions of might {unknown}
Books
 b - a book of Frost

   Spells                             Type                      Level
   a - Freeze                         Ice                          1
   b - Throw Frost                    Conjuration/Ice              2
   c - Ozocubu's Armour               Charms/Ice                   3
   d - Throw Icicle                   Conjuration/Ice              4
   e - Summon Ice Beast               Ice/Summoning                4
Comestibles
 c - 3 bread rations
 f - 2 meat rations
 j - 4 fruits
 l - 3 royal jellies


   Skills:
 + Level 4.2 Fighting
 - Level 1.7 Dodging
 - Level 1.4 Stealth
 + Level 3.6 Spellcasting
 + Level 2.0 Conjurations
 * Level 4.6 Ice Magic


You had 6 spell levels left.
You knew the following spells:

 Your Spells              Type           Power        Failure   Level  Hunger
a - Freeze                Ice            ###.         1%          1    None
b - Throw Frost           Conj/Ice       ###...       8%          2    ##.....
c - Ozocubu's Armour      Chrm/Ice       ##......     21%         3    ###....


Dungeon Overview and Level Annotations

Branches:
Dungeon (5/15)
 Temple: D:4-7

Altars:
Qazlal
Zin


Innate Abilities, Weirdness & Mutations

You are too large for most types of armour.
You have tough skin. (AC +1)


Message History

Casting: Ozocubu's Armour
Confirm with . or Enter, or press ? or * to list all spells.
Aiming: Freeze
Press: ? - help, Shift-Dir - straight line, f/p - ice beast
Aim: an ice beast You freeze the ice beast.
The ice beast completely resists.
The ice beast barely misses you.
The ogre hits you with a giant spiked club!!
* * * LOW HITPOINT WARNING * * *
Casting: Freeze
Confirm with . or Enter, or press ? or * to list all spells.
Aiming: Freeze
Press: ? - help, Shift-Dir - straight line, f - ogre, p - ice beast
Aim: an ogre, wielding a giant spiked club (lightly wounded)
You freeze the ogre.
The ogre is heavily wounded.
The ice beast hits you.
* * * LOW HITPOINT WARNING * * *
The ice beast freezes you.
You die...

## ##..# #......... # ##...#
##........ ####....## #......##
.##......# #.....## .........##
#.....# ..........# ##....##...
...#####..## ##......#.... ..##
#...# ##Y............
.########..#####@O............##
......###......................#
...............................##
.........)....###...............#
.............## ###..............
.............# ##...........†.
.............# ###...........
............## #...#.......
............# #...#.......


You could see an ice beast and an ogre.

Vanquished Creatures
  An ogre (D:5)
  A quasit (D:5)
  An iguana (D:5)
  A worker ant (D:5)
  6 adders
  4 worms
  3 leopard geckos
  7 orcs
  4 ball pythons (D:3)
  6 bats
  3 giant cockroaches
  6 goblins
  10 hobgoblins
  9 jackals
  6 kobolds
  5 frilled lizards
  A jackal zombie (D:5)
  6 rats
80 creatures vanquished.

Notes
Turn   | Place    | Note
-------+----------+-------------------------------------------
     0 | D:1      | HankScorpio the Ogre Ice Elementalist began the quest for the Orb.
     0 | D:1      | Reached XP level 1. HP: 16/16 MP: 3/3
    63 | D:1      | Reached skill level 1 in Fighting
    95 | D:1      | Reached XP level 2. HP: 16/27 MP: 2/5
   553 | D:1      | Reached XP level 3. HP: 20/35 MP: 1/7
   591 | D:1      | Learned a level 2 spell: Throw Frost
  1067 | D:2      | Found a glowing silver altar of Zin.
  1174 | D:2      | Found a faded altar of an unknown god.
  1191 | D:2      | Reached XP level 4. HP: 44/44 MP: 4/8
  1250 | D:2      | Learned a level 3 spell: Ozocubu's Armour
  1419 | D:2      | Reached skill level 1 in Conjurations
  2311 | D:4      | Found a stormy altar of Qazlal.
  2572 | D:4      | Reached XP level 5. HP: 50/53 MP: 4/9
  2814 | D:5      | Entered Level 5 of the Dungeon
  2989 | D:5      | Noticed an ogre
  3009 | D:5      | Killed an ogre
  3009 | D:5      | Reached XP level 6. HP: 31/62 MP: 0/11
  3446 | D:5      | Noticed an ice beast
  3473 | D:5      | HP: 3/62 [ice beast (3)]
  3473 | D:5      | Slain by an ice beast

Vault maps used:
D:1:      lightli_arrival_noodles, bh_walls_and_bars
D:2:      chequers_ecumenical_altar_simple, lemuel_tele_altar
D:3:      first_bread, minmay_shallow_snake_nest
D:4:      grunt_qazlal_sundering
D:5:      serial_shops, kennysheep_little_box, feat_on_display

Skill      XL: |  1  2  3  4  5  6 |
---------------+-------------------+-----
Fighting       | 1 2 3 4 |  4.2
Ice Magic      | 3 4 |  4.6
Spellcasting   | 3 |  3.6
Conjurations   | 1 2 |  2.0
Dodging        | |  1.7
Stealth        | |  1.4

Action                   |  1- 3 |  4- 6 || total
-------------------------+-------+-------++-------
Melee: Unarmed           |    49 |       ||    49
       Staff             |     3 |    50 ||    53
 Cast: Freeze            |    53 |    99 ||   152
       Ozocubu's Armour  |       |     4 ||     4
  Eat: Chunk             |     1 |     7 ||     8
Armor: Robe              |    28 |    30 ||    58
Dodge: Dodged            |    73 |    90 ||   163
